Map: Dusty Gorge

Players

Subwaymaker

  • Race: Protoss Protoss
  • League: Gold
  • Spawn Location: 3:00

Mesrob

  • Race: Terran Terran
  • League: Platinum
  • Spawn Location: 5:00

Pengy - Winner!

  • Race: Terran Terran
  • League: Bronze
  • Spawn Location: 9:00

Synth - Winner!

  • Race: Zerg Zerg
  • Spawn Location: 11:00

VOD

Have the link to the VOD?

Description

Time

  • Played on: March 15, 2019, 8:20 p.m.
  • Length: 6:50
Show
View Real Time Build Order
Export as new Build Order

Subwaymaker Protoss 

Build Orders:  

Get SALT Encoding   

  12  0:01  Probe  
  13  0:13  Probe  
  14  0:20  Pylon  
  14  0:21  Probe  
  15  0:34  Probe  
  15  0:41  Gateway  
  16  1:12  Probe  
  17  1:21  Probe  
  18  1:30  Probe  
  18  1:32  Gateway  
  18  1:35  Zealot  
  21  1:40  Assimilator  
  21  1:42  Probe  
  21  1:44  Assimilator  
  21  1:47  Pylon  
  22  1:51  Cybernetics Core  
  22  1:55  Probe  
  23  2:07  Probe  
  24  2:19  Pylon  
  24  2:28  Warp Gate  
  24  2:36  Twilight Council  
  24  2:38  Probe  
  24  2:41  Pylon  
  25  2:46  Probe  
  25  2:47  Gateway  
  25  2:49  Gateway  
  26  2:53  Charge  
  26  2:59  Zealot  
  26  3:03  Zealot  
  30  3:28  Pylon  
  30  3:34  Zealot x2  
  32  3:35  Zealot  
  36  4:20  Zealot  
  36  4:23  Zealot x3  
  42  4:51  Zealot x4  
  32  5:32  Zealot x3  
  32  5:33  Zealot  
  32  5:40  Gateway  
  32  5:42  Gateway  
  32  5:45  Gateway  
  32  5:47  Gateway  
  32  5:55  Zealot  
  32  5:56  Zealot x2  
  38  6:09  Robotics Facility  
  38  6:14  Zealot  
  38  6:16  Zealot  
  34  6:32  Zealot x2  
  38  6:35  Sentry x2  
Show
View Real Time Build Order
Export as new Build Order

Mesrob Terran 

Build Orders:  

Get SALT Encoding   

  12  0:00  SCV  
  13  0:13  SCV  
  14  0:18  Supply Depot  
  14  0:32  SCV  
  15  0:44  SCV  
  15  0:45  Barracks  
  16  0:54  Refinery  
  16  0:56  SCV  
  17  1:07  Barracks  
  17  1:14  Supply Depot, SCV  
  18  1:32  Orbital Command  
  18  1:34  Marine  
  19  1:45  Barracks  
  19  1:52  Barracks Tech Lab  
  19  2:01  SCV  
  20  2:13  Supply Depot, SCV  
  20  2:15  Marine  
  22  2:25  Marine, SCV  
  24  2:32  Refinery  
  24  2:38  Supply Depot, SCV  
  24  2:40  Marine x2, Stimpack  
  27  2:50  SCV  
  28  3:09  Marine  
  28  3:11  Marine x2  
  31  3:26  Supply Depot  
  31  3:27  Marine, Command Center  
  31  3:28  Marine  
  31  3:29  Marine  
  34  3:37  Engineering Bay  
  34  3:45  Marine  
  35  3:58  Marine x2  
  37  4:03  Marine  
  38  4:11  SCV  
  38  4:16  Marine x2  
  41  4:23  SCV  
  42  4:35  SCV  
  31  4:59  Marine x3  
  33  5:08  Factory  
  33  5:12  Factory  
  29  5:17  Marine x3  
  32  5:34  Marine  
  32  5:35  Marine x2  
  32  5:52  Marine  
  32  5:53  Marine x2  
  32  5:55  Hellion  
  32  5:57  Hellion  
  39  6:10  Marine, Refinery, Orbital Command  
  40  6:15  SCV  
  41  6:27  SCV  
  31  6:37  Refinery  
Show
View Real Time Build Order
Export as new Build Order

Pengy Terran - Winner!

Build Orders:  

Get SALT Encoding   

  12  0:01  SCV  
  13  0:19  Supply Depot  
  13  0:21  SCV  
  14  0:34  SCV  
  15  0:42  Barracks  
  15  0:50  SCV  
  16  1:02  SCV  
  17  1:22  Command Center  
  17  1:23  SCV  
  18  1:30  Supply Depot  
  18  1:31  Marine  
  19  1:46  Barracks  
  19  1:48  Marine  
  19  1:49  SCV  
  21  2:01  Barracks  
  21  2:13  Marine  
  22  2:18  SCV  
  23  2:25  Barracks  
  23  2:30  Marine  
  23  2:31  SCV  
  25  2:37  Supply Depot  
  25  2:45  Barracks  
  25  2:57  Marine x3  
  28  3:13  Barracks, SCV  
  28  3:15  Marine  
  28  3:17  SCV  
  31  3:25  SCV  
  32  3:29  SCV  
  32  3:33  Marine  
  32  3:34  Barracks  
  34  3:36  Marine  
  34  3:38  Marine  
  34  3:41  Marine, SCV  
  37  3:43  Marine  
  39  3:50  Marine  
  39  3:53  SCV  
  39  3:54  Marine, SCV  
  43  4:00  Marine x2  
  43  4:01  Marine  
  46  4:11  Marine x2  
  46  4:12  Marine  
  49  4:18  Marine x2  
  49  4:23  Marine x2  
  53  4:27  Supply Depot  
  53  4:29  Marine  
  54  4:33  Supply Depot  
  54  4:39  Marine  
  54  4:40  SCV  
  54  4:41  SCV  
  48  4:53  SCV  
  48  4:58  Marine x3  
  48  4:59  Marine x4  
  53  5:16  Marine x7  
  57  5:34  Marine x4  
  61  5:36  Marine  
  61  5:37  Marine x2  
  63  5:51  Marine  
  63  5:52  Marine x3  
  63  5:54  Marine  
  63  5:55  Marine x2  
  70  6:27  Marine  
  70  6:28  Marine x3  
  70  6:29  Marine x3  
Show
View Real Time Build Order
Export as new Build Order

Synth Zerg - Winner!

Build Orders: Pool First 

Get SALT Encoding   

  12  0:02  Drone  
  13  0:16  Drone  
  13  0:19  Overlord  
  14  0:37  Drone x2  
  16  0:45  Drone  
  17  0:51  Spawning Pool  
  16  1:11  Hatchery  
  16  1:16  Drone x2  
  17  1:20  Extractor  
  17  1:25  Overlord  
  16  1:33  Drone  
  17  1:46  Zergling x2  
  17  1:47  Queen  
  18  1:53  Zergling x2  
  21  2:09  Zergling x2  
  22  2:16  Zergling x2  
  23  2:24  Drone x2  
  23  2:28  Queen  
  27  2:31  Queen  
  27  2:33  Zergling x2  
  30  2:44  Drone x2  
  32  2:49  Zergling x2  
  33  2:54  Overlord  
  33  2:57  Zergling x2  
  34  3:05  Drone x2  
  36  3:16  Extractor, Drone x3  
  38  3:21  Roach Warren  
  37  3:28  Lair  
  37  3:35  Metabolic Boost  
  37  3:43  Drone x3  
  40  4:04  Roach x2  
  40  4:05  Overlord x3  
  44  4:23  Roach x5  
  54  4:41  Roach  
  56  4:48  Glial Reconstitution  
  54  5:07  Roach x2  
  54  5:12  Evolution Chamber  
  54  5:13  Extractor, Drone x3  
  59  5:26  Drone x4  
  62  5:28  Roach  
  62  5:29  Roach  
  62  5:36  Roach  
  64  5:56  Roach  
  66  6:03  Drone x2  
  68  6:23  Roach  
  68  6:25  Overlord x4  
  68  6:26  Overlord x3  
Tags
 
Add a new tag
Caveats
  • Supply blocks, unpowered buildings, or Contaminate may cause inaccurate times.
  • Supply counts are checked every 10 seconds.